 Dungeon Crawl Stone Soup version 0.32-a0-519-g08f29ac1c3 (webtiles) character file.

Game seed: 15113549705870847103

264695 kae the Metamorph (level 19, -7/317 (348) HPs)
             Began as a Pale Draconian Shapeshifter on Feb 27, 2024.
             Was the Champion of Ru.
             Mangled by a demonspawn corrupter
             ... wielding a +0 demon blade
              (17 damage)
             ... in a wizard's laboratory.
             The game lasted 00:41:06 (41695 turns).

kae the Metamorph (Pale Draconian Shapeshifter)    Turns: 41695, Time: 00:41:07

HP:   -7/317 (348)  AC: 14    Str: 18    XL:     19   Next: 28%
MP:   0/19          EV: 23    Int: 11    God:    Ru [******]
Gold: 4397          SH:  0    Dex: 23    Spells: 18/18 levels left

rFire   . .          .
                       - Unarmed
rCold   . . .        (no shield)
rNeg    + . .        (body armour unavailable)
rPois   ∞            w - +2 hat
rElec   +            (no cloak)
rCorr   .            (gloves currently unavailable)
SInv    .            r - melded +2 pair of boots "Notzid" {Rampage Dex+2}
Will    +....        G - amulet of guardian spirit Stlth
                     D - +6 ring of dexterity
HPRegen 0.72/turn    O - +4 ring of protection
MPRegen 0.16/turn

%: guardian spirit
@: berserking, statue-form, corroded, drained, unable to drink, quick
A: slow and powerful, torment resistance 1, boosted hp, (steam breath), AC +10,
unfitting armour, screaming 1, cold-blooded, inability to drink after injury 2,
no stealth, inability to use devices, hated by all, no air magic, no hexes
magic, no necromancy magic, steam resistance
}: 2/15 runes: decaying, serpentine
a: Begin Untransformation, Renounce Religion, Draw Out Power, Power Leap,
Apocalypse


You were in a wizard's laboratory.
You worshipped Ru.
Ru was exalted by your worship.
You were a living statue of rough stone.
You visited 7 branches of the dungeon, and saw 33 of its levels.
You also visited: Bailey, Gauntlet and Wizlab.

You collected 4959 gold pieces.
You spent 562 gold pieces at shops.


Innate Abilities, Weirdness & Mutations

You are a living statue of rough stone.
Your actions are slow, but your melee attacks are powerful.
You are resistant to unholy torment.
Your maximum health is greatly increased.
Your equipment is partially melded.
((You can breathe blasts of scalding, opaque steam.))
((Your pale cyan-grey scales are hard. (AC +10)))
You cannot fit into any form of body armour.
You are immune to poison.
You occasionally shout uncontrollably at your foes.
You are cold-blooded and may be slowed by cold attacks.
You sometimes lose the ability to drink potions when taking damage.
You cannot be stealthy.
You cannot study or use magical devices.
You are hated by all.
You cannot study or cast Air magic.
You cannot study or cast Hexes magic.
You cannot study or cast Necromancy magic.
You are immune to the effects of steam.


   Skills:
 + Level 18.2 Fighting
 + Level 13.3 Dodging
 * Level 19.6 Unarmed Combat
 + Level 20.8 Shapeshifting


You had 18 spell levels left.
You didn't know any spells.
Your spell library contained the following spells:

 Spells                   Type           Power      Damage    Failure   Level
 Apportation              Tloc           0%         N/A       34%         1
 Freeze                   Ice            0%         1d3       34%         1
 Sandblast                Erth           0%         2d4       34%         1
 Sting                    Conj/Alch      0%         1d3       34%         1
 Blink                    Tloc           0%         N/A       47%         2
 Lesser Beckoning         Tloc           0%         N/A       47%         2
 Momentum Strike          Conj/Tloc      0%         3d8       47%         2
 Frozen Ramparts          Ice            0%         1d1       71%         3
 Gell's Gravitas          Tloc           0%         N/A       71%         3
 Hailstorm                Conj/Ice       0%         3d5       71%         3
 Passwall                 Erth           0%         N/A       71%         3
 Stone Arrow              Conj/Erth      0%         3d7       71%         3
 Teleport Other           Tloc           0%         N/A       71%         3
 Brom's Barrelling Bould  Conj/Erth      0%         2d3       98%         4
 Leda's Liquefaction      Alch/Erth      0%         N/A       98%         4
 Olgreb's Toxic Radiance  Alch           0%         N/A       98%         4
 Petrify                  Alch/Erth      0%         N/A       98%         4
 Alistair's Intoxication  Alch           0%         N/A       100%        5
 Irradiate                Conj/Alch      0%         3d11      100%        5
 Dispersal                Tloc           0%         N/A       100%        6
 Ozocubu's Refrigeration  Ice            0%         4d7       100%        7
 Summon Small Mammal      Summ           Unusable   N/A       N/A         1
 Ensorcelled Hibernation  Hex/Ice        Unusable   N/A       N/A         2
 Jinxbite                 Hex            Unusable   N/A       N/A         2
 Mercury Vapours          Alch/Air       Unusable   N/A       N/A         2
 Static Discharge         Conj/Air       Unusable   3-3/arc   N/A         2
 Sublimation of Blood     Necr           Unusable   N/A       N/A         2
 Call Canine Familiar     Summ           Unusable   N/A       N/A         3
 Mephitic Cloud           Conj/Alch/Air  Unusable   N/A       N/A         3
 Summon Ice Beast         Ice/Summ       Unusable   N/A       N/A         3
 Swiftness                Air            Unusable   N/A       N/A         3
 Airstrike                Air            Unusable   2d(0-16)  N/A         4
 Dimensional Bullseye     Hex/Tloc       Unusable   N/A       N/A         4
 Summon Blazeheart Golem  Fire/Summ      Unusable   N/A       N/A         4
 Summon Lightning Spire   Summ/Air       Unusable   N/A       N/A         4
 Vhi's Electric Charge    Tloc/Air       Unusable   N/A       N/A         4
 Arcjolt                  Conj/Air       Unusable   1d10      N/A         5
 Freezing Cloud           Conj/Ice/Air   Unusable   6-21      N/A         5
 Metabolic Englaciation   Hex/Ice        Unusable   N/A       N/A         5
 Silence                  Hex/Air        Unusable   N/A       N/A         5
 Summon Mana Viper        Hex/Summ       Unusable   N/A       N/A         5
 Plasma Beam              Fire/Air       Unusable   2x1d10    N/A         6
 Monstrous Menagerie      Summ           Unusable   N/A       N/A         7
 Discord                  Hex            Unusable   N/A       N/A         8

Inventory:

Missiles
 C - 13 stones (quivered)
 Q - 2 javelins
Armour
 r - the +2 pair of boots "Notzid" (melded) {Rampage Dex+2}
   (You found it on level 6 of the Dungeon)

   Dex+2:     It affects your dexterity (+2).
   Rampage:   It bestows one free step when moving towards enemies.
 t - a +2 pair of gloves
   (You found it on level 1 of the Vaults)
 w - a +2 hat (worn)
   (You found it in a Gauntlet)
Magical Staves
 e - a staff of earth {!a}
   (You found it on level 1 of the Dungeon)
 k - a staff of alchemy {!a}
   (You found it on level 1 of the Swamp)
 s - a staff of fire {!a}
   (You took it off a hobgoblin on level 4 of the Dungeon)
 u - a staff of conjuration {!a}
   (You found it on level 4 of the Dungeon)
 J - a staff of earth {!a}
   (You found it on level 10 of the Dungeon)
 K - a staff of air {!a}
   (You found it in a Gauntlet)
 S - a staff of fire {!a}
   (You found it in a Gauntlet)
Jewellery
 i - the ring "Apisaet" {Ice *Corrode rPois Str+4 Dex+3}
   (You found it on level 3 of the Swamp)

   [ring of ice]

   Ice:       It enhances your ice magic.
   Str+4:     It affects your strength (+4).
   Dex+3:     It affects your dexterity (+3).
   rF-:       It makes you vulnerable to fire.
   rC+:       It protects you from cold.
   rPois:     It protects you from poison *Corrode: It may corrode you when you
   take damage.
 m - a ring of willpower
   (You found it on level 4 of the Swamp)
 q - the ring of Balance {*Corrode rF+ Will+ Stlth+}
   (You found it in a Gauntlet)

   [ring of willpower]

   rF+:       It protects you from fire.
   Will+:     It increases your willpower.
   *Corrode:  It may corrode you when you take damage.
   Stlth+:    It makes you more stealthy.
 D - a +6 ring of dexterity (left fist)
   (You found it on level 10 of the Dungeon)
 F - a ring of fire
   (You found it on level 3 of the Swamp)
 G - an amulet of guardian spirit (around neck)
   (You bought it in a shop on level 2 of the Orcish Mines)
 I - a +6 ring of intelligence
   (You found it on level 12 of the Dungeon)
 N - a ring of positive energy
   (You found it on level 11 of the Dungeon)
 O - a +4 ring of protection (right fist)
   (You found it on level 12 of the Dungeon)
 R - a ring of resist corrosion
   (You found it on level 1 of the Lair of Beasts)
 T - an amulet of reflection
   (You found it on level 14 of the Dungeon)
Talismans
 A - a granite talisman (active)
   (You found it on level 5 of the Lair of Beasts)
 B - the serpent talisman "Fucorem" {Stlth+}
   (You took it off Aizul on level 2 of the Swamp)

   [serpent talisman]

   Stlth+:    It makes you more stealthy.
 H - a dragon-blood talisman
   (You found it on level 5 of the Lair of Beasts)
Scrolls
 b - 9 scrolls of enchant armour
 f - 5 scrolls of enchant weapon
 j - a scroll of blinking {!r}
 p - 2 scrolls of revelation
 v - a scroll of silence {!r}
 y - 14 scrolls of teleportation {@r4}
 M - 4 scrolls of vulnerability {!r!r}
 V - 3 scrolls of fog
 W - 5 scrolls of immolation {!r!r}
 X - 10 scrolls of identify {@r1}
 Y - 4 scrolls of fear
Potions
 a - 4 potions of lignification {!q}
 d - 10 potions of might
 g - 15 potions of curing {@q1}
 h - 8 potions of heal wounds {@q2}
 l - 3 potions of mutation {!q}
 n - 2 potions of enlightenment
 o - 3 potions of ambrosia
 x - 3 potions of berserk rage {!q}
 z - 2 potions of cancellation
 E - a potion of magic
 L - 3 potions of haste {@q3}
 P - 7 potions of brilliance
 U - 3 potions of invisibility
 Z - 3 potions of attraction {!q}
Miscellaneous
 c - a phial of floods
   (You found it on level 4 of the Swamp)

Dungeon Overview and Level Annotations

Branches:
Dungeon (15/15) Zot: 25416  Temple (1/1) D:4 Zot: 5696    Lair (5/5) D:9 Zot: 22579
  Swamp (4/4) Lair:2 Zot: 17873   Snake (4/4) Lair:3 Zot: 15566   Slime (0/5) Lair:4
    Orc (2/2) D:11 Zot: 10396     Elf (0/3) Orc:2        Vaults (2/5) D:13 Zot: 9295
 Depths (0/4) D:15         Bailey (visited)          WizLab (1/1) Zot: 5228
Gauntlet (visited)
  Crypt: Vaults:2-3

Altars:
Ashenzari
Cheibriados
Dithmenos
Elyvilon
Gozag
Kikubaaqudgha
Makhleb
Nemelex Xobeh
Okawaru
Qazlal
Ru
Sif Muna
Trog
Uskayaw
Vehumet
Wu Jian
Xom
Zin
The Shining One

Shops:
D:5 *   D:8 *   Orc:2 [=![   Snake:3 ?   Snake:4 *

Annotations:
D:5 2 transporters

.§$§$...#§.§§~~..#
..§.....#.§§~~~~!#
.!......#.~~~~~~.#
........)..~~~~..#
........)....!...#
..ß.ß..)##########
########J#
..§§§tJJM#
..§.N{N6I#
'##+####+# #).
#.). +.... ####'#
!# #


You could see an acid blob (summoned), a demonspawn corrupter, 2 nagarajas, a
mummy priest (summoned), a titanic slime creature (summoned), a rockslime
(summoned) and an apocalypse crab (summoned).


Message History

The nagaraja is engulfed in degeneration.
Unknown command.
The helpless golden dragon fails to defend itself.
You beat the golden dragon into a bloody pulp!!!
You kill the golden dragon!
The golden dragon's corpse disappears in a puff of smoke!
The arcanist closely misses you.
A nagaraja comes into view. It is wielding a +0 flail.
The demonspawn corrupter is engulfed in degeneration.
The occultist is engulfed in degeneration.
Unknown command.
You pulverise the arcanist!!!
You kill the arcanist!
The flayed ghost is engulfed in degeneration. 😱 HP[+1]
You now have 317 max hp (+2).
Unknown command.
You pummel the flayed ghost!!
The nagaraja is engulfed in degeneration.
The demonspawn corrupter hits you with a +0 demon blade!
* * * LOW HITPOINT WARNING * * *
The demonspawn corrupter barely misses you.
The occultist mumbles some strange words.
The occultist flickers and vanishes!
Deactivating autopickup; reactivate with Ctrl-A.
The nagaraja is engulfed in degeneration. 😱 HP[-11]
You take 11 damage, and now have 23/317 hp.
Unknown command.
You hit the demonspawn corrupter but do no damage.
The flayed ghost is engulfed in degeneration.
The flayed ghost hits you!
* * * LOW HITPOINT WARNING * * *
The demonspawn corrupter calls forth creatures from the Pits of Slime! 😱 HP[-13] MP[-2]
You take 13 damage, and now have 10/317 hp.
You lost 2 mp, and now have 0/19 mp.
You punch the flayed ghost!
The nagaraja is engulfed in degeneration.
The nagaraja mumbles some strange words.
The nagaraja seems to speed up.
The flayed ghost barely misses you. The flayed ghost misses you.
You pummel the flayed ghost like a punching bag!!!
You destroy the flayed ghost!
The flayed ghost disappears in a puff of smoke!
The rockslime is engulfed in degeneration.
The acid blob begins to attack, but is stunned by your conviction!
The nagaraja is engulfed in degeneration.
The nagaraja mumbles some strange words.
The nagaraja seems to speed up.
The demonspawn corrupter calls forth creatures from the Tomb of the Ancients!
The titanic slime creature is engulfed in degeneration.
The nagaraja is engulfed in degeneration. 😱 HP[+1]
You barely miss the flayed ghost.
The flayed ghost disappears in a puff of smoke!
The rockslime is engulfed in degeneration.
The nagaraja is engulfed in degeneration.
The acid blob begins to attack, but is stunned by your conviction! 😱 MP[+1] Unknown command.
You punch the rockslime!
You tail-slap the rockslime, but do no damage.
The titanic slime creature is engulfed in degeneration.
The demonspawn corrupter barely misses you.
The demonspawn corrupter kicks you but does no damage.
The rockslime is stunned by your conviction and fails to attack.
Unknown command.
You hit the demonspawn corrupter.
The demonspawn corrupter blocks your attack.
The nagaraja is engulfed in degeneration.
The mummy priest calls on the powers of darkness!
The rockslime convulses!
The titanic slime creature convulses!
Your body is wracked with pain!
* * * LOW HITPOINT WARNING * * *
The acid blob convulses!
The nagaraja convulses!
Something is bathed in an unholy light!
The nagaraja convulses!
The nagaraja is engulfed in degeneration.
The demonspawn corrupter calls forth creatures from the Abyss!
The titanic slime creature is engulfed in degeneration. 😱 HP[-1]
You take 1 damage, and now have 10/317 hp.
The demonspawn corrupter blocks your attack.
You tail-slap the demonspawn corrupter, but do no damage.
The rockslime closely misses you.
The acid blob begins to attack, but is stunned by your conviction!
The nagaraja is engulfed in degeneration.
Unknown command.
You pummel the demonspawn corrupter!!
The nagaraja is engulfed in degeneration.
The rockslime barely misses you.
The mummy priest calls on the powers of darkness!
The rockslime convulses!
The titanic slime creature convulses!
Your body is wracked with pain!
* * * LOW HITPOINT WARNING * * *
The acid blob convulses!
The nagaraja convulses!
Something is bathed in an unholy light!
The nagaraja convulses!
The demonspawn corrupter hits you with a +0 demon blade!!
You die...
Ru respects your ultimate sacrifice.

Skill      XL: |  1  2  3  4  5  6  7  8  9 10 11 12 13 14 15 16 17 18 19 |
---------------+----------------------------------------------------------+-----
Fighting       | 2 3 4 5 6 8 9 10 11 12 14 15 16 17 18 | 18.2
Shapeshifting  | 4 5 6 8 10 11 12 14 15 16 17 19 20 | 20.8
Unarmed Combat | 4 5 7 8 10 12 13 14 15 16 17 19 | 19.6
Dodging        | 3 5 7 8 9 11 12 13 | 13.3

Action                     |  1- 3 |  4- 6 |  7- 9 | 10-12 | 13-15 | 16-18 | 19-21 || total
---------------------------+-------+-------+-------+-------+-------+-------+-------++-------
  Melee: Unarmed           |    83 |   156 |   275 |   518 |   897 |  1154 |   130 ||  3213
         Tailslap          |    16 |    26 |    41 |   110 |   165 |   189 |    32 ||   579
         Punch             |     3 |     4 |     6 |    18 |    88 |   139 |    11 ||   269
         Bite              |       |       |       |       |    31 |       |       ||    31
 Invoke: Sacrifice Love    |       |       |     1 |       |       |       |       ||     1
         Sacrifice Arcana  |       |       |     1 |       |       |       |       ||     1
         Reject Sacrifices |       |       |       |     1 |       |       |       ||     1
         Sacrifice Drink   |       |       |       |       |     1 |       |       ||     1
         Apocalypse        |       |       |       |       |     1 |     2 |     1 ||     4
         Sacrifice Purity  |       |       |       |       |     1 |       |       ||     1
         Sacrifice Stealth |       |       |       |       |     1 |       |       ||     1
         Sacrifice Artific |       |       |       |       |     1 |       |       ||     1
         Draw Out Power    |       |       |       |       |       |     6 |       ||     6
         Power Leap        |       |       |       |       |       |     1 |       ||     1
Ability: Steam Breath      |       |       |     3 |     4 |     4 |       |       ||    11
    Use: Scroll            |     5 |     4 |     7 |     8 |     7 |     6 |       ||    37
         Potion            |       |       |     1 |     3 |       |     2 |       ||     6
   Stab: Sleeping          |     2 |     2 |       |       |     6 |       |       ||    10
         Invisible         |       |       |       |     1 |     6 |    14 |       ||    21
         Distracted        |       |       |       |     1 |    10 |     6 |     1 ||    18
         Petrified         |       |       |       |       |     4 |       |       ||     4
         Paralysed         |       |       |       |       |     5 |    15 |     7 ||    27
 Armour: Skin              |    39 |    91 |   180 |   357 |   556 |  1449 |   161 ||  2833
  Dodge: Dodged            |    37 |    71 |   144 |   383 |   561 |  1408 |   189 ||  2793
         Repelled          |       |       |     1 |     6 |    19 |    94 |     6 ||   126
   Form: Flux              |       |       |     1 |       |       |       |       ||     1
         Blade             |       |       |       |     1 |       |       |       ||     1
         Dragon            |       |       |       |       |     1 |       |       ||     1
         Statue            |       |       |       |       |     1 |       |       ||     1

Levels and vault maps discovered:
D:1:      dpeg_arrival_stonehenge_8_columns, layout_loops_ring,
          shapermc_ecumenical_altar_notcrosses
D:2:      layout_basic, kennysheep_generic_room_6
D:3:      layout_basic, serial_bayou, serial_bayou_shore_a, serial_bayou_pond_e,
          serial_bayou_pond_b, serial_bayou_pond_d,
          nicolae_twisty_statue_hallways, uniq_terence, uniq_ijyb
D:4:      layout_basic, minmay_temple_entry_large_hall, chequers_garden
D:5:      layout_layer_cave, gammafunk_temple_overflow_arena,
          kiku_gazebo_pond_becter, serial_shops, nicolae_shop_tiny_glass
D:6:      layout_cave_pools, lemuel_coloured_pillars_altar, uniq_blork_the_orc,
          uniq_grinder
D:7:      layout_loops_ring
D:8:      layout_basic, nicolae_elemental_shop, uniq_joseph
D:9:      layout_rooms, nicolae_sif_muna_little_library, dpeg_oklobed_lair,
          minmay_sticks_and_stones
D:10:     layout_long_grid, tgw_trog, enter_bailey_2, minmay_misc_feat_rugged,
          feat_on_display, uniq_josephine
D:11:     layout_irregular_city, kennysheep_orc_monster_closet_entryway
D:12:     layout_long_grid
D:13:     layout_loops_cross, grunt_vaults_entry_fortified,
          gauntlet_entry_generic, uniq_sonja
D:14:     layout_basic, serial_demonic, serial_demonic_d, serial_demonic_g,
          serial_demonic_e, serial_demonic_b, uniq_louise
D:15:     gammafunk_enter_depths_forms, layout_basic, grunt_decor_clamped,
          nrook_campfire
Temple:   bh_familiar_temple
Lair:1:   layout_gridlike, infiniplex_staircase_pool, uniq_amaemon
Lair:2:   layout_cave_shapes, minmay_swamp_entry_reptiles
Lair:3:   layout_small_grid, minmay_snake_entry_six_corridors,
          nicolae_lair_run_with_the_wolves
Lair:4:   layout_gridlike, dpeg_slime_entry_enclosed, grunt_megastairs_2,
          uniq_nessos
Lair:5:   grunt_lair_end_beastmaster, layout_cave_pods
Swamp:1:  layout_basic_swamp, evilmike_swamp_ruin_rubble_2, swamp_pool_1_2,
          uniq_nikola
Swamp:2:  layout_basic_swamp, hangedman_swamp_ruin_wall, swamp_pool_1_2,
          uniq_frances
Swamp:3:  layout_falls_marsh, ebering_ghost_inner_flame, serial_swamp_ruin,
          evilmike_swamp_ruin_rubble_1, evilmike_swamp_ruin_wall, uniq_aizul,
          uniq_roxanne, uniq_mlioglotl
Swamp:4:  swamp_old_school, layout_basic_swamp, swamp_pool_1_2
Snake:1:  layout_gridlike, basic_altar, drop_trap, nicolae_triple_integral
Snake:2:  layout_gridlike, nicolae_snake_single_loop, grunt_megastairs_5
Snake:3:  layout_grid_shapes, serial_shops, nicolae_shop_waterfront,
          grunt_ministairs_8, lemuel_fruit_tree, uniq_asterion
Snake:4:  snake_pit_salamanders_mu, layout_chambers, serial_shops, shop,
          special_room
Orc:1:    layout_caves, basic_altar
Orc:2:    grunt_orc_tribal_feast, layout_caves
Vaults:1: nicolae_vaults_ring_of_whatevers, vaults_room_corners,
          ontoclasm_vaults_twist, vaults_standard_mumra_lines,
          nicolae_vaults_storage_closets_2, nicolae_vaults_trapezoid_layered,
          hangedman_vaults_hat, grunt_vaults_swirl, hangedman_vaults_cutoff,
          v_misc_13, nicolae_vaults_house_1, layout_vaults_omnicross
Vaults:2: lightli_enter_wizlab_magi_temple, nicolae_vaults_border_crossing,
          vaults_dpeg_diagonal, nicolae_vaults_disjoint_gnomons,
          ontoclasm_vaults_ring_small, nicolae_vaults_tetromino_L_1,
          nicolae_vaults_tetromino_T_1, v_misc_1, v_misc_29,
          vaults_room_ringed_pool, nicolae_vaults_heart-shaped_vault,
          layout_vaults_omnibox
WizLab:   wizlab_alistair

Notes
Turn   | Place    | Note
-------+----------+-------------------------------------------
     0 | D:1      | kae the Draconian Shapeshifter began the quest for the Orb.
     0 | D:1      | Reached XP level 1. HP: 16/16 MP: 1/1
     0 | D:1      | magus.rc [v1.11.3]
   113 | D:1      | Reached XP level 2. HP: 19/23 MP: 2/2
   335 | D:1      | Found a faded altar of an unknown god.
   844 | D:2      | Reached XP level 3. HP: 29/29 MP: 3/3
  1069 | D:2      | Reached skill level 2 in Fighting
  1107 | D:2      | Reached XP level 4. HP: 19/36 MP: 4/4
  1571 | D:2      | Identified a scroll of acquirement
  1571 | D:2      | Acquired a manual of Unarmed Combat
  1724 | D:3      | Noticed Ijyb
  1733 | D:3      | Reached skill level 4 in Shapeshifting
  2336 | D:3      | Killed Ijyb
  2337 | D:3      | Reached skill level 4 in Unarmed Combat
  2451 | D:3      | Noticed Terence
  2459 | D:3      | Killed Terence
  2460 | D:3      | Reached XP level 5. HP: 29/44 MP: 5/5
  2903 | D:4      | Noticed an ogre
  2909 | D:4      | Killed an ogre
  2910 | D:4      | Reached skill level 3 in Fighting
  3066 | D:4      | Reached XP level 6. HP: 51/51 MP: 6/6
  3074 | D:4      | Found a staircase to the Ecumenical Temple.
  3094 | Temple   | Entered the Ecumenical Temple
  3103 | Temple   | Became a worshipper of Ru the Awakened
  3128 | D:4      | Reached skill level 5 in Shapeshifting
  3144 | Temple   | HP: 10/51 [burnt (4)]
  3305 | Temple   | Reached skill level 5 in Unarmed Combat
  3734 | D:4      | HP: 11/51 [orc priest/divine providence (9)]
  4267 | D:5      | Entered Level 5 of the Dungeon
  4290 | D:5      | Noticed an ice beast
  4300 | D:5      | HP: 12/52 [ice beast (5)]
  4301 | D:5      | Killed an ice beast
  4302 | D:5      | Reached skill level 4 in Fighting
  4302 | D:5      | Your scales start taking on a pale cyan-grey colour.
  4302 | D:5      | Reached XP level 7. HP: 15/59 MP: 7/7
  4302 | D:5      | Gained mutation: You are immune to the effects of steam.
                  | [Pale Draconian growth]
  4499 | D:5      | Found Miuhoid's General Store.
  4508 | D:5      | Bought a scroll of identify for 22 gold pieces
  4575 | D:5      | Found an ancient bone altar of Kikubaaqudgha.
  4732 | D:5      | Found a transporter.
  4742 | D:5      | HP: 11/59 [acid (8)]
  4963 | D:5      | Reached skill level 6 in Unarmed Combat
  5000 | D:5      | Reached skill level 6 in Shapeshifting
  5120 | D:5      | HP: 15/60 [something (3)]
  5122 | D:5      | HP: 6/60 [something/puff of flame (8)]
  5139 | D:5      | HP: 15/60 [something (2)]
  5377 | D:5      | Identified the +9 dagger of the Everdark {freeze, rElec rF-
                  | Str+3}
  5468 | D:5      | Noticed a shadow
  5470 | D:5      | Found an iron altar of Okawaru.
  5471 | D:5      | Noticed a wyvern
  5527 | D:5      | Found a transporter.
  6009 | D:6      | Reached skill level 5 in Fighting
  6009 | D:6      | Reached skill level 7 in Unarmed Combat
  6009 | D:6      | Reached XP level 8. HP: 60/68 MP: 8/8
  6058 | D:6      | Reached skill level 7 in Shapeshifting
  6229 | D:6      | Identified the +2 pair of boots "Notzid" {Rampage Dex+2}
  6233 | D:6      | Noticed Blork the orc
  6241 | D:6      | Killed Blork the orc
  6302 | D:6      | Gained mutation: You are hated by all. [Ru sacrifice]
  6302 | D:6      | Reached * piety under Ru
  6302 | D:6      | Reached ** piety under Ru
  6459 | D:6      | Noticed Grinder
  6468 | D:6      | Killed Grinder
  6469 | D:6      | Reached skill level 8 in Unarmed Combat
  6530 | D:6      | Reached skill level 6 in Fighting
  6652 | D:6      | Reached skill level 8 in Shapeshifting
  6686 | D:6      | Found a radiant altar of Vehumet.
  7023 | D:7      | Reached XP level 9. HP: 61/78 MP: 9/9
  7413 | D:7      | Reached skill level 9 in Unarmed Combat
  7764 | D:8      | Reached skill level 7 in Fighting
  7779 | D:8      | Reached skill level 9 in Shapeshifting
  7953 | D:8      | Found Cigailur's Elemental Accessories.
  8144 | D:8      | Noticed Joseph
  8156 | D:8      | Killed Joseph
  8157 | D:8      | Reached skill level 10 in Unarmed Combat
  8354 | D:8      | You pick up a book of Geomancy and begin reading...
  8354 | D:8      | You add the spells Sandblast, Passwall, Stone Arrow and
                  | Brom's Barrelling Boulder to your library.
  8824 | D:9      | Noticed a yaktaur
  8827 | D:9      | Gained mutation: You cannot study or cast Air magic. [Ru
                  | sacrifice]
  8827 | D:9      | Gained mutation: You cannot study or cast Hexes magic. [Ru
                  | sacrifice]
  8827 | D:9      | Gained mutation: You cannot study or cast Necromancy magic.
                  | [Ru sacrifice]
  8827 | D:9      | Reached *** piety under Ru
  8834 | D:9      | Killed a yaktaur
  8835 | D:9      | Reached skill level 8 in Fighting
  8835 | D:9      | Reached skill level 10 in Shapeshifting
  8835 | D:9      | Reached XP level 10. HP: 52/88 MP: 10/10
  9015 | D:9      | Found a staircase to the Lair.
  9036 | D:9      | Noticed a two-headed ogre
  9053 | D:9      | Killed a two-headed ogre
  9054 | D:9      | Reached skill level 11 in Unarmed Combat
  9468 | D:9      | Reached skill level 11 in Shapeshifting
  9543 | D:9      | Found a shimmering blue altar of Sif Muna.
  9676 | D:10     | Entered Level 10 of the Dungeon
  9716 | D:10     | Found a flagged portal.
  9725 | Bailey   | Entered a bailey
  9741 | Bailey   | Reached skill level 9 in Fighting
 10024 | Bailey   | HP: 21/91 [orc warrior/+0 trident (5)]
 10031 | Bailey   | HP: 13/91 [orc/+0 halberd (6)]
 10329 | Bailey   | Reached skill level 12 in Unarmed Combat
 10500 | Bailey   | Acquired 710 gold pieces
 10542 | D:10     | Reached XP level 11. HP: 94/97 MP: 11/11
 10915 | D:10     | Noticed Josephine
 10931 | D:10     | Killed Josephine
 11207 | D:10     | You add the spells Olgreb's Toxic Radiance and Ozocubu's
                  | Refrigeration to your library.
 11254 | D:10     | Found a bloodstained altar of Trog.
 11438 | D:11     | Reached skill level 12 in Shapeshifting
 11467 | D:11     | Found a staircase to the Orcish Mines.
 11488 | D:11     | Reached skill level 10 in Fighting
 11780 | D:11     | Noticed a four-headed hydra
 11789 | D:11     | Killed a four-headed hydra
 12051 | D:11     | Reached skill level 2 in Dodging
 12550 | D:12     | Noticed a deep elf pyromancer
 12558 | D:12     | Killed a deep elf pyromancer
 12559 | D:12     | Reached skill level 13 in Unarmed Combat
 12689 | D:12     | Noticed a two-headed ogre
 12689 | D:12     | Noticed a brown ugly thing
 12691 | D:12     | Noticed a two-headed ogre
 12697 | D:12     | HP: 23/101 [brown ugly thing (9)]
 12698 | D:12     | HP: 11/101 [two-headed ogre/+0 giant spiked club (5)]
 13046 | D:12     | Noticed a cyan ugly thing
 13051 | D:12     | Killed a cyan ugly thing
 13410 | D:12     | Killed a brown ugly thing
 13411 | D:12     | Reached skill level 3 in Dodging
 13619 | D:11     | Killed a two-headed ogre
 13714 | D:12     | Reached XP level 12. HP: 95/108 MP: 12/12
 13804 | D:12     | Reached skill level 13 in Shapeshifting
 14228 | D:12     | Killed a two-headed ogre
 14341 | D:12     | You pick up a book of Callings and begin reading...
 14555 | D:13     | Noticed a tengu warrior
 14557 | D:13     | Noticed a seven-headed hydra
 14567 | D:13     | Killed a seven-headed hydra
 14568 | D:13     | Reached skill level 11 in Fighting
 14576 | D:13     | Killed a tengu warrior
 14577 | D:13     | Reached skill level 4 in Dodging
 14585 | D:13     | Found a gate leading to a gauntlet.
 14585 | D:13     | Noticed Sonja
 14593 | D:13     | HP: 27/110 [troll (12)]
 14594 | Gauntlet | Entered a Gauntlet
 14594 | Gauntlet | Found a transporter.
 14807 | Gauntlet | Found a transporter.
 14809 | Gauntlet | Found a transporter.
 14818 | Gauntlet | Found a transporter.
 14833 | Gauntlet | Found a transporter.
 14838 | Gauntlet | Found a transporter.
 14853 | Gauntlet | Found a transporter.
 14872 | Gauntlet | Found a transporter.
 14884 | Gauntlet | Found a transporter.
 14903 | Gauntlet | Noticed a blizzard demon
 14906 | Gauntlet | Found a transporter.
 14913 | Gauntlet | Found a transporter.
 14930 | Gauntlet | Found a transporter.
 14935 | Gauntlet | Found a transporter.
 14937 | Gauntlet | Found a transporter.
 14950 | Gauntlet | Found a large runed translucent door.
 14951 | Gauntlet | Found a large runed translucent door.
 14952 | Gauntlet | Found a large runed translucent door.
 14952 | Gauntlet | Found a large runed translucent door.
 14953 | Gauntlet | Found a runed translucent gate.
 14954 | Gauntlet | Found a transporter.
 14954 | Gauntlet | Found a runed translucent gate.
 14954 | Gauntlet | Noticed a hell hog
 14955 | Gauntlet | Found a runed translucent gate.
 14955 | Gauntlet | Found a large runed translucent door.
 14955 | Gauntlet | Found a large runed translucent door.
 14955 | Gauntlet | Found a runed translucent door.
 14955 | Gauntlet | Found a runed translucent door.
 14956 | Gauntlet | Found a large runed translucent door.
 14957 | Gauntlet | Found a large runed translucent door.
 14959 | Gauntlet | Found a transporter.
 14972 | Gauntlet | Found a large runed translucent door.
 14972 | Gauntlet | Found a large runed translucent door.
 14973 | Gauntlet | Found a large runed translucent door.
 14974 | Gauntlet | Found a large runed translucent door.
 14983 | Gauntlet | Found a large runed translucent door.
 14983 | Gauntlet | Found a large runed translucent door.
 14984 | Gauntlet | Found a large runed translucent door.
 14985 | Gauntlet | Found a large runed translucent door.
 15006 | Gauntlet | Found a transporter.
 15031 | Gauntlet | Found a transporter.
 15228 | Gauntlet | Identified the ring of Balance {*Corrode rF+ Will+ Stlth+}
 15449 | Gauntlet | Noticed a minotaur
 15456 | Gauntlet | Killed a minotaur
 15459 | Gauntlet | Identified the +4 morningstar of Disarray {chaos, rF- rN+
                  | Stlth+}
 15545 | D:13     | Killed Sonja
 16072 | D:13     | Noticed a vault guard
 16394 | D:13     | Reached skill level 5 in Dodging
 16501 | D:13     | Noticed a vault guard
 16507 | D:13     | Noticed an ogre mage
 16507 | D:13     | Noticed a vault guard
 16507 | D:13     | Noticed a vault guard
 16551 | D:13     | HP: 21/110 [deep elf archer/arrow (9)]
 16836 | D:13     | Noticed a centaur warrior
 16843 | D:13     | Killed a centaur warrior
 16844 | D:13     | Reached skill level 14 in Shapeshifting
 16988 | D:13     | Killed a vault guard
 17016 | D:13     | Killed a vault guard
 17017 | D:13     | Reached skill level 14 in Unarmed Combat
 17121 | D:13     | Reached XP level 13. HP: 113/117 MP: 13/13
 17153 | D:13     | HP: 21/112 [vault guard/+0 war axe (19)]
 17161 | D:13     | Reached skill level 12 in Fighting
 17354 | D:13     | Found a gate to the Vaults.
 17408 | D:13     | You pick up a book of Transmutation and begin reading...
 17408 | D:13     | You add the spells Petrify and Irradiate to your library.
 17605 | Lair:1   | Entered Level 1 of the Lair of Beasts
 17605 | Lair:1   | Noticed Amaemon
 17612 | Lair:1   | Killed Amaemon
 17884 | Lair:1   | Gained mutation: You occasionally lose the ability to drink
                  | potions when taking damage. [Ru sacrifice]
 17884 | Lair:1   | Gained mutation: You sometimes lose the ability to drink
                  | potions when taking damage. [Ru sacrifice]
 17884 | Lair:1   | Reached **** piety under Ru
 17934 | Lair:1   | You pick up a book of Lightning and begin reading...
 17947 | Lair:1   | Reached skill level 6 in Dodging
 19075 | Lair:2   | Found a staircase to the Swamp.
 19106 | Lair:2   | Reached skill level 15 in Shapeshifting
 19762 | Lair:3   | Found a staircase to the Snake Pit.
 19876 | Lair:3   | Reached skill level 7 in Dodging
 20403 | Lair:3   | Reached XP level 14. HP: 108/127 MP: 14/14
 20466 | Lair:3   | Gained mutation: You cannot study or use magical devices.
                  | [Ru sacrifice]
 20466 | Lair:3   | Reached ***** piety under Ru
 20825 | Lair:4   | Reached skill level 13 in Fighting
 21907 | Lair:4   | Noticed Nessos
 21913 | Lair:4   | Killed Nessos
 22062 | Lair:4   | Found a staircase to the Slime Pits.
 22156 | Lair:5   | Entered Level 5 of the Lair of Beasts
 22170 | Lair:5   | Reached skill level 15 in Unarmed Combat
 22602 | Lair:5   | Reached skill level 16 in Shapeshifting
 22861 | Lair:5   | Gained mutation: You occasionally shout uncontrollably at
                  | your foes. [Ru sacrifice]
 23172 | Lair:5   | Reached skill level 8 in Dodging
 23455 | Lair:5   | Got Fomoloul's Incunabulum of Cunning Despair
 24116 | Orc:1    | Entered Level 1 of the Orcish Mines
 25084 | Orc:2    | Entered Level 2 of the Orcish Mines
 25084 | Orc:2    | Found a staircase to the Elven Halls.
 25761 | Orc:2    | Gained mutation: You cannot be stealthy. [Ru sacrifice]
 25761 | Orc:2    | Reached ****** piety under Ru
 26077 | Orc:2    | Reached skill level 14 in Fighting
 26089 | Orc:2    | Reached XP level 15. HP: 131/131 MP: 6/15
 26094 | Orc:2    | Found Vurax's Antique Armour Shoppe.
 26094 | Orc:2    | Found Catreas's Distillery.
 26256 | Orc:2    | Found Dibloshy's Jewellery Shoppe.
 26256 | Orc:2    | Found Ofaaczit's Antique Armour Shop.
 26265 | Orc:2    | Bought an amulet of guardian spirit for 540 gold pieces
 26595 | D:14     | You pick up a book of Party Tricks and begin reading...
 26595 | D:14     | You add the spells Apportation and Alistair's Intoxication
                  | to your library.
 26816 | D:14     | Identified the +0 scale mail of the Spheres {*Corrode rF+
                  | rC+ Str+2}
 26919 | D:14     | Reached skill level 17 in Shapeshifting
 26919 | D:14     | Noticed Louise
 26936 | D:14     | Killed Louise
 26944 | D:14     | Reached skill level 9 in Dodging
 27203 | D:14     | You pick up a book of Spatial Translocations and begin
                  | reading...
 27203 | D:14     | You add the spells Blink, Momentum Strike and Lesser
                  | Beckoning to your library.
 27378 | D:15     | Entered Level 15 of the Dungeon
 28159 | D:15     | Reached skill level 16 in Unarmed Combat
 28190 | D:15     | Found a staircase to the Depths.
 28749 | Snake:1  | Entered Level 1 of the Snake Pit
 28783 | Snake:1  | HP: 52/208 [poisoned by a naga mage (splash of poison)]
 28788 | Snake:1  | HP: 39/208 [poisoned by a naga mage (splash of poison)]
 29356 | Snake:1  | Found an ancient bone altar of Kikubaaqudgha.
 29493 | Snake:1  | Reached skill level 15 in Fighting
 29838 | Snake:1  | Reached XP level 16. HP: 149/149 MP: 16/16
 30181 | Snake:1  | Reached skill level 10 in Dodging
 30191 | Snake:1  | Reached skill level 18 in Shapeshifting
 30325 | Snake:2  | HP: 42/193 [salamander/+0 trident (15)]
 30337 | Snake:2  | HP: 39/184 [salamander/+0 trident (8)]
 30517 | Snake:2  | HP: 42/193 [naga warrior/+0 dire flail (12)]
 30521 | Snake:2  | HP: 20/193 [black mamba[a naga ritualist] (3)]
 30977 | Snake:2  | You pick up a book of Frost and begin reading...
 30977 | Snake:2  | You add the spells Freeze, Frozen Ramparts and Hailstorm to
                  | your library.
 32058 | Snake:3  | Noticed Asterion
 32068 | Snake:3  | Killed Asterion
 32089 | Snake:3  | Reached skill level 17 in Unarmed Combat
 32217 | Snake:3  | Reached skill level 16 in Fighting
 32233 | Snake:3  | Reached skill level 11 in Dodging
 32459 | Snake:3  | Reached skill level 19 in Shapeshifting
 32573 | Snake:3  | Found Ypeukhuk's Magic Scroll Emporium.
 32702 | Snake:4  | Entered Level 4 of the Snake Pit
 32769 | Snake:4  | Reached XP level 17. HP: 146/158 MP: 13/17
 32857 | Snake:4  | Found Foliorr's Assorted Antiques.
 33475 | Snake:4  | Identified the +0 morningstar of the Unseen Realm {vamp,
                  | rF+ Will+ MP-9 Str+2}
 33741 | Snake:4  | You pick up a book of Burglary and begin reading...
 34093 | Snake:4  | Identified the +1 pair of boots of Zealous Amelioration
                  | {rN+ Int+4 Dex-5}
 34377 | Snake:4  | HP: 48/193 [constriction (3)]
 34385 | Snake:4  | HP: 42/195 [constriction (2)]
 34655 | Snake:4  | Got a serpentine rune of Zot
 35030 | Swamp:1  | Entered Level 1 of the Swamp
 35188 | Swamp:1  | Noticed Nikola
 35188 | Swamp:1  | Nikola the Mad Inventor comes into view. He is wielding a
                  | +1 rapier of electrocution and wearing the +0 pair of
                  | fencer's gloves {Riposte Dex+3}.
 35204 | Swamp:1  | Killed Nikola
 35358 | Swamp:1  | You pick up a book of Storms and begin reading...
 35605 | Swamp:2  | Noticed Frances
 35611 | Swamp:2  | Killed Frances
 35615 | Swamp:2  | Reached skill level 12 in Dodging
 35807 | Swamp:2  | Reached skill level 20 in Shapeshifting
 35909 | Swamp:2  | Noticed a tentacled monstrosity
 35921 | Swamp:2  | Killed a tentacled monstrosity
 35932 | Swamp:2  | Reached skill level 17 in Fighting
 36255 | Swamp:2  | Reached XP level 18. HP: 169/169 MP: 18/18
 36267 | Swamp:2  | You add the spells Gell's Gravitas, Teleport Other and
                  | Dispersal to your library.
 36645 | Swamp:2  | Acquired 1205 gold pieces
 36670 | Swamp:3  | Found a runed translucent door.
 36671 | Swamp:3  | Noticed DEFE's ghost (adept MDFi)
 36759 | Swamp:3  | Identified the serpent talisman "Fucorem" {Stlth+}
 36759 | Swamp:3  | Noticed Aizul
 36760 | Swamp:3  | Noticed Mlioglotl
 36777 | Swamp:2  | Killed Mlioglotl
 36778 | Swamp:2  | Reached skill level 18 in Unarmed Combat
 36784 | Swamp:2  | Killed Aizul
 37170 | Swamp:3  | Identified the ring "Apisaet" {Ice *Corrode rPois Str+4
                  | Dex+3}
 37203 | Swamp:3  | Noticed Roxanne
 37220 | Swamp:3  | Killed Roxanne
 37299 | Swamp:3  | You pick up a book of Transmutation and begin reading...
 37483 | Swamp:3  | You pick up a book of Vapours and begin reading...
 37703 | Swamp:3  | HP: 52/221 [spriggan air mage/the air (18)]
 37708 | Swamp:3  | HP: 48/210 [spriggan air mage/the air (15)]
 37710 | Swamp:3  | Killed DEFE's ghost
 37936 | Swamp:4  | Entered Level 4 of the Swamp
 38120 | Swamp:4  | Noticed the 27-headed Lernaean hydra
 38127 | Swamp:4  | Killed the 27-headed Lernaean hydra
 38140 | Swamp:4  | HP: 45/205 [will-o-the-wisp/foxfire (26)]
 38142 | Swamp:4  | HP: 15/205 [will-o-the-wisp/foxfire (23)]
 38142 | Swamp:4  | HP: 6/205 [swamp dragon (9)]
 38822 | Swamp:4  | You pick up a book of Beasts and begin reading...
 38830 | Swamp:4  | You pick up a book of Vapours and begin reading...
 38847 | Swamp:4  | Got a decaying rune of Zot
 39261 | Vaults:1 | Entered Level 1 of the Vaults
 39430 | Vaults:1 | HP: 55/221 [deep troll[an ironbound preserver] (10)]
 39435 | Vaults:1 | HP: 26/221 [deep troll[an ironbound preserver] (11)]
 39436 | Vaults:1 | HP: 7/221 [deep troll[an ironbound preserver] (10)]
 39441 | Vaults:1 | HP: 37/210 [deep troll[an ironbound preserver] (10)]
 40050 | Vaults:1 | Reached skill level 19 in Unarmed Combat
 40204 | Vaults:1 | Identified the +0 buckler of the Crushed Mice {Harm Regen+
                  | Int-2 Dex-3}
 40427 | Vaults:1 | Reached skill level 13 in Dodging
 40496 | Vaults:1 | You pick up a book of Sloth and begin reading...
 40952 | Vaults:2 | Reached XP level 19. HP: 179/179 MP: 16/19
 40974 | Vaults:2 | Reached skill level 18 in Fighting
 41125 | Vaults:2 | Found a magical portal.
 41146 | WizLab   | Entered Alistair's Party Mansion
 41674 | WizLab   | Noticed a golden dragon
 41679 | WizLab   | HP: 27/210 [golden dragon[a demonspawn corrupter] (32)]
 41687 | WizLab   | HP: 23/317 [demonspawn corrupter/+0 demon blade (11)]
 41688 | WizLab   | HP: 10/317 [flayed ghost[a demonspawn corrupter] (14)]
 41693 | WizLab   | HP: 10/317 [???[a demonspawn corrupter] (2)]
 41695 | WizLab   | Mangled by a demonspawn corrupter

Vanquished Creatures
  Nikola (Swamp:1)
  A tentacled monstrosity (Swamp:2)
  Asterion (Snake:3)
  Mlioglotl (Swamp:2)
  A tentacled starspawn (WizLab)
  The ghost of DEFE the Executioner, an adept MDFi of Okawaru (Swamp:3)
  Frances (Swamp:2)
  Roxanne (Swamp:3)
  7 nagarajas
  Aizul (Swamp:2)
  A deep elf sorcerer (WizLab)
  Louise (D:14)
  An orc warlord (Vaults:1)
  5 ironbound preservers
  A formless jellyfish (Vaults:1)
  3 demonspawn corrupters (WizLab)
  7 eleionomae
  Nessos (Lair:4)
  An ironbound thunderhulk (Vaults:2)
  3 dire elephants (Vaults:1)
  A minotaur (Gauntlet)
  2 bunyips
  An ettin (WizLab)
  Josephine (D:10)
  A shambling mangrove (Swamp:1)
  2 yaktaur captains
  An entropy weaver (Vaults:1)
  3 rakshasas (D:15)
  5 vault guards (D:13)
  A peacekeeper (Vaults:1)
  19 hydras
  A catoblepas (Lair:5)
  17 anacondas
  2 salamander tyrants (Snake:4)
  10 alligators
  2 boulder beetles
  An ogre mage (D:13)
  7 centaur warriors
  3 great orbs of eyes
  A spriggan air mage (Swamp:3)
  5 two-headed ogres
  An ironbound frostheart (Vaults:1)
  2 tengu warriors
  3 orc high priests (Orc:2)
  8 death yaks
  A deep troll shaman (Lair:5)
  11 shock serpents
  3 occultists (WizLab)
  14 naga sharpshooters
  Sonja (D:13)
  A hell knight (WizLab)
  17 naga warriors
  5 spriggans
  9 salamander mystics
  2 soul eaters (D:14)
  Amaemon (Lair:1)
  2 skysharks (Lair:4)
  3 spriggan druids
  4 skeletal warriors (D:15)
  2 sixfirhies (D:14)
  3 goliath frogs
  13 deep trolls
  5 bog bodies
  6 naga ritualists
  2 deep elf archers (D:13)
  A glowing orange brain (Vaults:1)
  16 mana vipers
  12 swamp dragons
  7 arcanists
  A mana viper (shapeshifter) (D:15)
  3 ironbound convokers
  7 orc knights
  5 lindwurms
  6 deep elf pyromancers
  4 orc sorcerers
  5 harpies (Vaults:2)
  A deep elf zephyrmancer (WizLab)
  A wolf spider (Lair:3)
  19 salamanders
  22 ugly things
  4 will-o-the-wisps
  2 worldbinders (WizLab)
  3 meliai (D:15)
  A cyclops (D:12)
  3 manticores
  5 kobold blastminers (Orc:2)
  Joseph (D:8)
  19 naga magi
  A rust devil (D:14)
  50 black mambas
  7 guardian serpents
  7 elephants (Lair:5)
  3 vault sentinels (Vaults:1)
  2 water nymphs (WizLab)
  A torpor snail (WizLab)
  2 orange demons
  12 cane toads
  A minotaur zombie (Gauntlet)
  2 gargoyles (D:13)
  3 rime drakes
  An efreet (Gauntlet)
  7 yaktaurs
  9 komodo dragons
  An ice devil (Gauntlet)
  2 tengu conjurers
  3 polar bears
  A queen bee (shapeshifter) (D:13)
  4 trolls
  A bloated husk (Swamp:1)
  20 blink frogs
  8 tyrant leeches
  Grinder (D:6)
  A hellwing (D:14)
  9 hornets
  22 slime creatures
  26 yaks
  9 wraiths
  2 shadows
  2 vampires
  A human (D:13)
  5 wyverns
  2 fire elementals (Gauntlet)
  3 redbacks (Vaults:1)
  A warg (shapeshifter) (D:15)
  2 wargs
  4 basilisks
  A neqoxec (Gauntlet)
  20 vampire mosquitoes
  A chaos spawn (Gauntlet)
  12 swamp worms
  42 nagas
  22 water moccasins
  4 acid dragons
  A hell hound (Gauntlet)
  25 orc warriors
  5 black bears
  4 ice beasts
  7 swamp drakes (Swamp:4)
  2 laughing skulls (D:15)
  5 ogres
  25 wolves
  3 boggarts
  5 sky beasts
  4 centaurs
  3 kobold brigands
  A phantom (D:6)
  18 bullfrogs
  Blork the orc (D:6)
  3 gnoll sergeants
  3 scorpions
  8 wights
  14 killer bees
  An electric eel (Lair:4)
  5 howler monkeys
  2 bombardier beetles (D:4)
  A hound (D:7)
  10 orc priests
  3 jellies
  Ijyb (D:3)
  Terence (D:3)
  6 iguanas
  A sleepcap (D:5)
  17 orc wizards
  14 gnolls
  2 adders
  A shadow imp (D:7)
  4 white imps (Gauntlet)
  2 dart slugs
  6 ribbon worms
  78 orcs
  11 endoplasms
  3 giant cockroaches
  4 goblins
  5 hobgoblins
  6 jackals
  9 kobolds
  2 quokkas
  5 ball pythons
  8 bats
  A frilled lizard (D:3)
  9 rats
1088 creatures vanquished.

Vanquished Creatures (others)
  the Lernaean hydra (Swamp:4)
  A war gargoyle (Vaults:1)
  A merfolk javelineer (WizLab)
  A hydra (Swamp:4)
  A naga sharpshooter (Snake:4)
  A naga warrior (Snake:4)
  2 occultists (WizLab)
  A goliath frog (Swamp:1)
  2 deep trolls (Vaults:1)
  2 will-o-the-wisps
  A salamander (Snake:4)
  A guardian serpent (Snake:4)
  A vault sentinel (Vaults:1)
  A naga mage (Snake:2)
  4 bloated husks
  A yak (D:9)
  3 nagas
  A boggart (D:14)
  An orc priest (Orc:2)
  An orc wizard (Orc:2)
  An orc (Bailey)
  48 foxfires
  2 starspawn tentacles (WizLab)
79 creatures vanquished.

Grand Total: 1167 creatures vanquished

Table legend:
 A = Non-vault XP
 B = Vault XP
 C = Vault XP percentage of total XP
 D = Non-vault monster count
 E = Vault monster count
 F = Vault count percentage of total count
                 A         B        C        D         E       F
            +---------+---------+-------+---------+---------+-------
      Total |  251264 |  152974 |  37.8 |     775 |     330 |  29.9
            +---------+---------+-------+---------+---------+-------
        D:1 |      30 |       0 |   0.0 |      18 |       0 |   0.0
        D:2 |      71 |       5 |   6.6 |      19 |       3 |  13.6
        D:3 |      44 |      74 |  62.7 |      18 |       3 |  14.3
        D:4 |     401 |       0 |   0.0 |      20 |       0 |   0.0
        D:5 |     464 |       0 |   0.0 |      11 |       0 |   0.0
        D:6 |    1051 |     372 |  26.1 |      11 |       2 |  15.4
        D:7 |     795 |       0 |   0.0 |      15 |       0 |   0.0
        D:8 |    1589 |     471 |  22.9 |      33 |       1 |   2.9
        D:9 |    3265 |     349 |   9.7 |      19 |       1 |   5.0
       D:10 |    1477 |    2004 |  57.6 |      12 |      11 |  47.8
       D:11 |    2963 |    1119 |  27.4 |      13 |      18 |  58.1
       D:12 |    6343 |       0 |   0.0 |      18 |       0 |   0.0
       D:13 |    5882 |    9312 |  61.3 |      14 |      14 |  50.0
       D:14 |    5419 |    5399 |  49.9 |      18 |       8 |  30.8
       D:15 |   14015 |    5836 |  29.4 |      28 |       9 |  24.3
     Temple |      28 |       0 |   0.0 |       2 |       0 |   0.0
     Lair:1 |    3103 |    1168 |  27.3 |      13 |       2 |  13.3
     Lair:2 |    8036 |     485 |   5.7 |      34 |       4 |  10.5
     Lair:3 |    7674 |    3606 |  32.0 |      25 |      20 |  44.4
     Lair:4 |    6088 |    1328 |  17.9 |      19 |       4 |  17.4
     Lair:5 |    9659 |    8658 |  47.3 |      35 |      18 |  34.0
    Swamp:1 |    9030 |    2357 |  20.7 |      18 |       1 |   5.3
    Swamp:2 |   15981 |    4417 |  21.7 |      27 |       3 |  10.0
    Swamp:3 |   11225 |    3466 |  23.6 |      19 |       3 |  13.6
    Swamp:4 |    9202 |   14995 |  62.0 |      19 |      24 |  55.8
    Snake:1 |   19390 |       0 |   0.0 |      40 |       0 |   0.0
    Snake:2 |   29002 |     966 |   3.2 |      55 |       2 |   3.5
    Snake:3 |   19454 |    5611 |  22.4 |      42 |       7 |  14.3
    Snake:4 |   19559 |   32553 |  62.5 |      44 |      49 |  52.7
      Orc:1 |    2872 |       0 |   0.0 |      26 |       0 |   0.0
      Orc:2 |    3355 |    9076 |  73.0 |      31 |      29 |  48.3
   Vaults:1 |   24532 |   13782 |  36.0 |      43 |      21 |  32.8
   Vaults:2 |    9265 |    1763 |  16.0 |      16 |       2 |  11.1
     Bailey |       0 |    1257 | 100.0 |       0 |      30 | 100.0
     WizLab |       0 |   19580 | 100.0 |       0 |      28 | 100.0
   Gauntlet |       0 |    2965 | 100.0 |       0 |      13 | 100.0
            +---------+---------+-------+---------+---------+-------

Skill      XL: |  1  2  3  4  5  6  7  8  9 10 11 12 13 14 15 16 17 18 19 |
---------------+----------------------------------------------------------+-----
Fighting       | 2 3 4 5 6 8 9 10 11 12 14 15 16 17 18 | 18.2
Shapeshifting  | 4 5 6 8 10 11 12 14 15 16 17 19 20 | 20.8
Unarmed Combat | 4 5 7 8 10 12 13 14 15 16 17 19 | 19.6
Dodging        | 3 5 7 8 9 11 12 13 | 13.3

Action                     |  1- 3 |  4- 6 |  7- 9 | 10-12 | 13-15 | 16-18 | 19-21 || total
---------------------------+-------+-------+-------+-------+-------+-------+-------++-------
  Melee: Unarmed           |    83 |   156 |   275 |   518 |   897 |  1154 |   130 ||  3213
         Tailslap          |    16 |    26 |    41 |   110 |   165 |   189 |    32 ||   579
         Punch             |     3 |     4 |     6 |    18 |    88 |   139 |    11 ||   269
         Bite              |       |       |       |       |    31 |       |       ||    31
 Invoke: Sacrifice Love    |       |       |     1 |       |       |       |       ||     1
         Sacrifice Arcana  |       |       |     1 |       |       |       |       ||     1
         Reject Sacrifices |       |       |       |     1 |       |       |       ||     1
         Sacrifice Drink   |       |       |       |       |     1 |       |       ||     1
         Apocalypse        |       |       |       |       |     1 |     2 |     1 ||     4
         Sacrifice Purity  |       |       |       |       |     1 |       |       ||     1
         Sacrifice Stealth |       |       |       |       |     1 |       |       ||     1
         Sacrifice Artific |       |       |       |       |     1 |       |       ||     1
         Draw Out Power    |       |       |       |       |       |     6 |       ||     6
         Power Leap        |       |       |       |       |       |     1 |       ||     1
Ability: Steam Breath      |       |       |     3 |     4 |     4 |       |       ||    11
    Use: Scroll            |     5 |     4 |     7 |     8 |     7 |     6 |       ||    37
         Potion            |       |       |     1 |     3 |       |     2 |       ||     6
   Stab: Sleeping          |     2 |     2 |       |       |     6 |       |       ||    10
         Invisible         |       |       |       |     1 |     6 |    14 |       ||    21
         Distracted        |       |       |       |     1 |    10 |     6 |     1 ||    18
         Petrified         |       |       |       |       |     4 |       |       ||     4
         Paralysed         |       |       |       |       |     5 |    15 |     7 ||    27
 Armour: Skin              |    39 |    91 |   180 |   357 |   556 |  1449 |   161 ||  2833
  Dodge: Dodged            |    37 |    71 |   144 |   383 |   561 |  1408 |   189 ||  2793
         Repelled          |       |       |     1 |     6 |    19 |    94 |     6 ||   126
   Form: Flux              |       |       |     1 |       |       |       |       ||     1
         Blade             |       |       |       |     1 |       |       |       ||     1
         Dragon            |       |       |       |       |     1 |       |       ||     1
         Statue            |       |       |       |       |     1 |       |       ||     1

Illustrated notes

Table legend:
 A = Kills in this place as a percentage of kills in the entire game.
 B = Kills by you in this place as a percentage of kills by you in the entire game.
 C = Kills by friends in this place as a percentage of kills by friends in the entire game.
 D = Other kills in this place as a percentage of other kills in the entire game.
 E = Experience gained in this place as a percentage of experience gained in the entire game.
 F = Experience gained in this place divided by the number of levels of this place that you have seen.
                   A       B       C       D       E      F
               +-------+-------+-------+-------+-------+----------------------
         Total | 100.0 | 100.0 |   N/A | 100.0 | 100.0 | 11228.8
       Dungeon |  30.5 |  30.9 |   N/A |   5.9 |  17.0 | 4583.3
        Temple |   0.2 |   0.2 |   N/A |   0.0 |   0.0 |  28.0
          Lair |  15.7 |  16.0 |   N/A |   0.0 |  12.3 | 9961.0
         Swamp |  10.3 |  10.2 |   N/A |  17.6 |  17.5 | 17668.2
     Snake Pit |  21.6 |  21.4 |   N/A |  35.3 |  31.3 | 31633.8
  Orcish Mines |   7.8 |   7.8 |   N/A |   5.9 |   3.8 | 7651.5
        Vaults |   7.4 |   7.3 |   N/A |  17.6 |  12.2 | 24671.0
        Bailey |   2.7 |   2.7 |   N/A |   5.9 |   0.3 | 1257.0
        Wizlab |   2.5 |   2.4 |   N/A |  11.8 |   4.8 | 19580.0
      Gauntlet |   1.2 |   1.2 |   N/A |   0.0 |   0.7 | 2965.0
               +-------+-------+-------+-------+-------+----------------------

Table legend: (Time is in decaauts)
 A = Elapsed time spent in this place.
 B = Non-inter-level travel time spent in this place.
 C = Inter-level travel time spent in this place.
 D = Time resting spent in this place.
 E = Time spent auto-exploring this place.
 F = Levels seen in this place.
 G = Mean time per level.
                   A        B        C        D        E       F      G
               +--------+--------+--------+--------+--------+-----+--------+
         Total |  47385 |  44327 |   3058 |   5244 |  32536 |  36 | 1316.2 |
       Dungeon |  18310 |  17036 |   1274 |   2358 |  12473 |  15 | 1220.7 |
        Temple |    303 |    297 |      6 |    264 |      2 |   1 |  303.0 |
          Lair |   7420 |   6664 |    756 |    909 |   5006 |   5 | 1484.0 |
         Swamp |   6126 |   5860 |    266 |    514 |   4477 |   4 | 1531.5 |
     Snake Pit |   8433 |   7949 |    484 |    373 |   6141 |   4 | 2108.2 |
  Orcish Mines |   1603 |   1488 |    115 |    185 |   1069 |   2 |  801.5 |
        Vaults |   2704 |   2549 |    155 |    180 |   1956 |   2 | 1352.0 |
        Bailey |    767 |    767 |      0 |     47 |    507 |   1 |  767.0 |
        Wizlab |    770 |    770 |      0 |    361 |    240 |   1 |  770.0 |
      Gauntlet |    944 |    944 |      0 |     52 |    664 |   1 |  944.0 |
               +--------+--------+--------+--------+--------+-----+--------+

Top non-repeatable levels by time:
 Snake:4: 3121 daAuts
Vaults:1: 2400 daAuts
    D:13: 2172 daAuts
  Lair:3: 2160 daAuts
 Snake:2: 2112 daAuts
  Lair:5: 2103 daAuts
 Swamp:2: 2053 daAuts
    D:12: 1801 daAuts
     D:5: 1663 daAuts
 Snake:1: 1653 daAuts
 Swamp:3: 1623 daAuts
 Swamp:4: 1588 daAuts
    D:11: 1572 daAuts
 Snake:3: 1546 daAuts
     D:3: 1178 daAuts
